AoeStats
← Dustin

Arabia

505466138Analyzed
1v1 RM · 22d ago on Sep 9, 2026· 41m 54s· 2 players
Game mode
Random Map
Map size
Tiny (2 player)
Population
200
Speed
Normal
Resources
Standard
Victory
Conquest
Starting age
Dark Age
Ending age
Imperial Age
RankedLock teamsTeams togetherTeam positionsShared explorationLock speedFull tech treeHidden civsTurbo modeCheats
Victory
Defeat
🇷🇺 Spanish · Russia
1578
+19
🇩🇪 Georgians · Germany
1648
-19
Leon
6:23 Loom
9:19 Feudal Age
9:50 Double-Bit Axe
15:24 Fletching
16:52 Padded Archer Armor
17:57 Horse Collar
22:40 Castle Age
20:55 Gold Mining
22:54 Elite Skirmisher
23:31 Bodkin Arrow
25:50 Wheelbarrow
26:30 Leather Archer Armor
26:37 Ballistics
27:07 Stone Mining
34:07 Imperial Age
34:50 Bracer
36:19 Bloodlines
36:51 Ring Archer Armor
36:48 Husbandry
37:34 Bow Saw
38:32 Conscription
39:39 Pikeman
40:20 Scale Mail Armor
40:55 Squires
41:08 Forging
41:38 Supremacy
Dustin
9:12 Feudal Age
10:00 Double-Bit Axe
10:16 Loom
13:38 Fletching
18:11 Horse Collar
23:55 Castle Age
25:17 Bow Saw
24:31 Crossbowman
25:08 Bodkin Arrow
31:40 Husbandry
31:55 Bloodlines
35:41 Imperial Age
33:26 Scale Barding Armor
34:20 Heavy Plow
35:12 Chain Barding Armor
36:26 Wheelbarrow
35:36 Town Watch
35:51 Light Cavalry
37:34 Plate Barding Armor
37:09 Forging
37:02 Padded Archer Armor
37:06 Hussar
38:58 Chemistry
39:48 Husbandry
Connection lost

Rejoining the realm…

Still unreachable

The connection could not be restored.

Session expired

The server has moved on; the page needs a fresh start.